 Dungeon Crawl Stone Soup version 0.20.1-1-g8b1a95d (webtiles) character file.

326 rrRat the Slasher (level 6, -3/52 HPs)
             Began as a Draconian Berserker on Nov 1, 2017.
             Was a Believer of Trog.
             Killed from afar by an orc wizard (9 damage)
             ... with a magic dart
             ... on level 3 of the Dungeon.
             The game lasted 00:16:27 (2162 turns).

rrRat the Slasher (Draconian Berserker)             Turns: 2162, Time: 00:16:28

Health: -3/52      AC:  6    Str: 21    XL:     6   Next: 24%
Magic:  6/6        EV:  8    Int:  8    God:    Trog [**....]
Gold:   141        SH: 17    Dex: 10    Spells: 5/5 levels left

rFire    . . .     SeeInvis .   o - +0 long sword
rCold    . . .     Gourm    .   h - +0 large shield
rNeg     . . .     Faith    .   (armour unavailable)
rPois    .         Spirit   .   (helmet restricted)
rElec    .         Reflect  +   (no cloak)
rCorr    .         Harm     .   (no gloves)
MR       .....                  (no boots)
Stlth    +.........             s - +4 amulet of reflection
Regen    0.2/turn               d - ring of wizardry
MPRegen  0.1/turn               (no ring)

@: no status effects
A: unfitting armour, cold-blooded, AC +6
a: Berserk, Trog's Hand, Burn Spellbooks, Renounce Religion


You were on level 3 of the Dungeon.
You worshipped Trog.
Trog was pleased with you.
You were very hungry.

You visited 1 branch of the dungeon, and saw 3 of its levels.

You collected 141 gold pieces.

Inventory:

Hand Weapons
 a - a +0 falchion
 o - a +0 long sword (weapon)
Armour
 h - a +0 large shield (worn)
 n - a +2 cloak of invisibility
Jewellery
 d - a ring of wizardry (left hand)
 s - a +4 amulet of reflection (around neck)
Scrolls
 c - 3 scrolls of identify {unknown}
 e - 4 scrolls of remove curse {unknown}
 g - 2 scrolls of teleportation {unknown}
 k - 3 scrolls of amnesia {unknown}
 l - a scroll of enchant armour {unknown}
 u - a scroll of fear {unknown}
Potions
 f - a potion of haste {unknown}
 i - a potion of magic {unknown}
 j - a potion of flight {unknown}
 p - 2 potions of berserk rage {unknown}
 q - a potion of heal wounds {unknown}
 r - 2 potions of might {unknown}
Books
 m - a book of Cantrips

   Spells                             Type                      Level
   a - Confusing Touch                Hexes                        1
   b - Animate Skeleton               Necromancy                   1
   c - Summon Small Mammal            Summoning                    1
   d - Apportation                    Translocation                1
   Trog disapproves of the use of such an item.
Comestibles
 b - 2 bread rations


   Skills:
 * Level 4.1 Fighting
 * Level 5.0 Long Blades
 + Level 3.3 Dodging
 + Level 0.4 Stealth
 * Level 3.3 Shields


You had 5 spell levels left.
You didn't know any spells.

Dungeon Overview and Level Annotations

Branches:
Dungeon (3/15)

Altars:


Innate Abilities, Weirdness & Mutations

Your plain brown scales are hard. (AC +6)
You cannot fit into any form of body armour.
You are cold-blooded and may be slowed by cold attacks.


Message History

Your shield prevents you from hitting the orc priest.
The orc priest is heavily wounded.
The orc priest begins to cast a cantrip, but forgets the words!
The orc wizard hits you but does no damage.
You block the orc priest's attack. The orc wizard barely misses you.
You riposte.
You slash the orc wizard!
The orc wizard is heavily wounded.
You closely miss the orc priest.
The orc priest is heavily wounded.
You block the orc wizard's attack. You block the orc priest's attack.
The orc wizard barely misses you.
You riposte.
You closely miss the orc wizard.
The orc wizard is heavily wounded.
The orc priest barely misses you. The orc wizard hits you with a dagger.
* * * LOW HITPOINT WARNING * * *
You hit the orc priest.
The orc priest is heavily wounded.
You feel yourself speed up. The orc wizard casts a spell at you.
The magic dart hits you!
You die...

#....# #.##....# #.##....#
#(##o...# #.##..§.# ## #.##....#
(. #.##....# ## #.####'#####.#
##.##########..o@o).......
#......<..................
#..####.##########.####... #..#
#.# ♣#♣.♣.♣..♣ #..# #.#
#.....#..♣ #..####.#
##♣.....♣..♣.♣ .......[#
#####.......#..♣.♣ ........#
#.....♣...[)♣..♣.♣####
.#.##.#.###.........).)..♣.♣....


You could see an orc priest and an orc wizard.

Vanquished Creatures
  Sigmund (D:3)
  An orc priest (D:3)
  Terence (D:3)
  Robin (D:3)
  3 adders
  An ooze (D:2)
  A dart slug (D:1)
  A leopard gecko (D:3)
  5 orcs (D:3)
  A ball python (D:2)
  A giant cockroach (D:2)
  8 goblins
  4 hobgoblins
  8 jackals
  5 kobolds
  A quokka (D:2)
  9 bats
  3 frilled lizards
  7 rats
62 creatures vanquished.

Vanquished Creatures (others)
  A goblin (D:3)
1 creature vanquished.

Grand Total: 63 creatures vanquished

Notes
Turn   | Place    | Note
-------+----------+-------------------------------------------
     0 | D:1      | rrRat the Draconian Berserker began the quest for the Orb.
     0 | D:1      | Reached XP level 1. HP: 19/19 MP: 1/1
    29 | D:1      | Reached XP level 2. HP: 17/26 MP: 2/2
   582 | D:2      | Reached ** piety under Trog
   582 | D:2      | Reached XP level 3. HP: 33/33 MP: 3/3
  1021 | D:2      | Reached skill level 1 in Shields
  1462 | D:3      | Noticed Terence
  1477 | D:3      | Killed Terence
  1477 | D:3      | Reached skill level 4 in Long Blades
  1477 | D:3      | Reached XP level 4. HP: 40/40 MP: 4/4
  1478 | D:3      | Noticed Robin
  1490 | D:3      | Killed Robin
  1608 | D:3      | Noticed Sigmund
  1630 | D:3      | Killed Sigmund
  1630 | D:3      | Reached XP level 5. HP: 9/46 MP: 5/5
  1630 | D:3      | Reached XP level 6. HP: 10/52 MP: 6/6
  2152 | D:3      | Reached skill level 5 in Long Blades
  2162 | D:3      | Killed from afar by an orc wizard

Skill      XL: |  1  2  3  4  5  6 |
---------------+-------------------+-----
Dodging        | 3 |  3.3
Shields        | 1 3 |  3.3
Long Blades    | 4 5 |  5.0
Fighting       | 4 |  4.1
Stealth        | |  0.4

Action                   |  1- 3 |  4- 6 || total
-------------------------+-------+-------++-------
Melee: Falchion          |    85 |       ||    85
       Tailslap          |    14 |    12 ||    26
       Long sword        |    43 |    72 ||   115
Invok: Berserk           |     1 |     1 ||     2
  Eat: Chunk             |     1 |     2 ||     3
       Royal jelly       |     1 |       ||     1
Armor: Skin              |    46 |    10 ||    56
Dodge: Dodged            |    53 |    22 ||    75
Block: Large shield      |   108 |    55 ||   163
       Reflection        |     1 |     9 ||    10
       Rpst.: Falchion   |    10 |       ||    10
       Long sword        |     5 |     9 ||    14
